 Dungeon Crawl Stone Soup version 0.22.1-1-ga44c0e56f4 (webtiles) character file.

333 Muumios the Cudgeler (level 6, -3/48 HPs)
             Began as a Mummy Gladiator on Oct 23, 2018.
             Slain by a scorpion (7 damage)
             ... on level 4 of the Dungeon.
             The game lasted 00:08:27 (2175 turns).

Muumios the Cudgeler (Mummy Gladiator)              Turns: 2175, Time: 00:08:27

Health: -3/48      AC:  5    Str: 17    XL:     6   Next: 27%
Magic:  6/6        EV: 14    Int: 10    God:
Gold:   153        SH:  3    Dex: 13    Spells: 5/5 levels left

rFire    x . .     SeeInvis .   d - +2 quarterstaff (chaos)
rCold    + + .     Gourm    .   (shield currently unavailable)
rNeg     + + +     Faith    .   i - +1 robe {rC+}
rPois    ∞         Spirit   .   c - +0 helmet
rElec    .         Reflect  +   l - +0 cloak
rCorr    .         Harm     .   (no gloves)
MR       .....     Rnd*Tele +   (no boots)
Stlth    +.........             b - +3 amulet of reflection
HPRegen  0.16/turn              f - +1 ring of evasion
MPRegen  0.10/turn              j - ring of teleportation (curse)

@: no status effects
A: no food or potions, fire vulnerability, cold resistance 1, negative energy
resistance 3, torment resistance, unbreathing
a: no special abilities


You were on level 4 of the Dungeon.
You were not hungry.

You visited 1 branch of the dungeon, and saw 4 of its levels.

You collected 153 gold pieces.

Inventory:

Hand Weapons
 a - a +0 flail
 d - a +2 quarterstaff of chaos (weapon)
Missiles
 h - 2 exploding tomahawks (quivered)
 m - 29 poisoned needles
Armour
 c - a +0 helmet (worn)
 e - a +0 ring mail
 i - a +1 robe of cold resistance (worn)
 l - a +0 cloak (worn)
Jewellery
 b - a +3 amulet of reflection (around neck)
 f - a +1 ring of evasion (left hand)
 j - a cursed ring of teleportation (right hand)
Scrolls
 g - a scroll of fog
 n - a scroll of identify
 o - a scroll of remove curse


   Skills:
 + Level 4.1 Fighting
 * Level 5.0 Maces & Flails
 - Level 1.5 Throwing
 - Level 2.4 Dodging


You had 5 spell levels left.
You didn't know any spells.
Your spell library was empty.

Dungeon Overview and Level Annotations

Branches:
Dungeon (4/15)
 Temple: D:4-7

Altars:
Elyvilon
Makhleb
Uskayaw


Innate Abilities, Weirdness & Mutations

You do not eat or drink.
Your flesh is vulnerable to fire.
You are immune to poison.
Your flesh is cold resistant. (rC+)
You are immune to negative energy. (rN+++)
You are immune to unholy pain and torment.
You can survive without breathing.


Message History

* * * LOW HITPOINT WARNING * * *
You block the hound's attack. The scorpion closely misses you.
The gnoll barely misses you.
You sock the scorpion!
The scorpion is poisoned.
The scorpion is heavily wounded.
The hound barely misses you. The gnoll hits you with a whip.
* * * LOW HITPOINT WARNING * * *
The scorpion closely misses you. The hound bites you.
* * * LOW HITPOINT WARNING * * *
Okay, then.
You thump the gnoll!
The gnoll looks as sick as possible!
The gnoll is severely wounded.
The gnoll hits you with a whip.
* * * LOW HITPOINT WARNING * * *
The hound closely misses you. The gnoll closely misses you.
The scorpion barely misses you.
You sock the gnoll!
You kill the gnoll!
The hound closely misses you. The scorpion stings you!
You die...

#................
#..............#
#.........[....#
#..............#
#..........>...##
##...............
..
##.......g..###
#. ########)###
... #@# ##
#sh...# .Z.......
..........
#..........
#..........
#..........
#..........


You could see a scorpion, a hound, a gnoll and a hound skeleton.

Vanquished Creatures
  A howler monkey (D:4)
  A hound (D:3)
  An orc priest (D:3)
  Crazy Yiuf (D:2)
  Terence (D:2)
  An iguana (D:4)
  2 gnolls (D:4)
  3 adders
  A shadow imp (D:4)
  3 oozes
  An adder skeleton (D:4)
  A worm (D:2)
  A dart slug (D:3)
  4 leopard geckos
  5 orcs (D:3)
  2 ball pythons
  7 giant cockroaches
  7 hobgoblins
  3 kobolds
  2 quokkas (D:3)
  13 bats
  9 frilled lizards
  6 goblins
  6 rats
82 creatures vanquished.

Notes
Turn   | Place    | Note
-------+----------+-------------------------------------------
     0 | D:1      | Muumios the Mummy Gladiator began the quest for the Orb.
     0 | D:1      | Reached XP level 1. HP: 16/16 MP: 1/1
   146 | D:1      | Reached XP level 2. HP: 17/22 MP: 2/2
   296 | D:1      | Reached skill level 3 in Maces & Flails
   422 | D:1      | Reached XP level 3. HP: 21/28 MP: 3/3
   909 | D:2      | Noticed Terence
   942 | D:2      | Killed Terence
   942 | D:2      | Reached XP level 4. HP: 30/35 MP: 4/4
  1157 | D:2      | Found a runed door.
  1287 | D:2      | Noticed Crazy Yiuf
  1558 | D:2      | Killed Crazy Yiuf
  1558 | D:2      | Reached skill level 4 in Maces & Flails
  1704 | D:3      | Reached XP level 5. HP: 39/41 MP: 5/5
  1805 | D:3      | Found a burning altar of Makhleb.
  1906 | D:3      | Found a white marble altar of Elyvilon.
  1995 | D:3      | Noticed a dagger
  1996 | D:3      | Noticed a hand axe
  2001 | D:3      | Found a hide-covered altar of Uskayaw.
  2147 | D:4      | Reached XP level 6. HP: 48/48 MP: 6/6
  2164 | D:4      | Reached skill level 5 in Maces & Flails
  2175 | D:4      | Slain by a scorpion

Skill      XL: |  1  2  3  4  5  6 |
---------------+-------------------+-----
Maces & Flails | 3 4 5 |  5.0
Fighting       | 3 4 |  4.1
Throwing       | |  1.5
Dodging        | |  2.4

Action                   |  1- 3 |  4- 6 || total
-------------------------+-------+-------++-------
Melee: Flail             |   128 |    11 ||   139
       Quarterstaff      |       |   101 ||   101
Throw: Throwing net      |     1 |     3 ||     4
       Tomahawk          |       |     2 ||     2
  Use: Scroll            |     3 |     3 ||     6
 Stab: Held in net/web   |     1 |       ||     1
       Sleeping          |       |     2 ||     2
Armor: Ring mail         |    53 |       ||    53
       Leather armour    |     1 |       ||     1
       Robe              |       |    28 ||    28
Dodge: Dodged            |   103 |    94 ||   197
Block: Other             |    15 |    14 ||    29
